[Event "*** Titled Tuesday Blitz"]
[Site "Chess.com"]
[Date "2020.12.01"]
[Round "1"]
[White "ChainsOfFantasia"]
[Black "MIJuanReyesRosa"]
[Result "1-0"]
[WhiteElo "2479"]
[BlackElo "2051"]
[TimeControl "180+1"]
[EndTime "10:04:48 PST"]
[Termination "ChainsOfFantasia won on time"]

1. d4 g6 2. Nf3 Bg7 3. c4 c5 4. Nc3 cxd4 5. Nxd4 Nc6 6. e3 Nxd4 7. exd4 Nf6 8. Be2 O-O 9. O-O d5 10. c5 b6 11. b4 a5 12. Ba3 axb4 13. Bxb4 bxc5 14. Bxc5 Bf5 15. a4 Ne4 16. Nxe4 Bxe4 17. Qd2 Bf6 18. a5 Qd7 19. a6 Rfc8 20. h3 h5 21. Ra3 e6 22. f3 Bf5 23. g4 hxg4 24. hxg4 Bxg4 25.
fxg4 Qc7 26. Rc1 Kg7 27. Kg2 1-0

[Event "*** Titled Tuesday Blitz"]
[Site "Chess.com"]
[Date "2020.12.01"]
[Round "1"]
[White "Roza_Idrisova"]
[Black "Valeron76"]
[Result "0-1"]
[WhiteElo "2156"]
[BlackElo "2508"]
[TimeControl "180+1"]
[EndTime "10:04:52 PST"]
[Termination "Valeron76 won by resignation"]

1. d4 g6 2. c4 Bg7 3. e4 e6 4.
Nf3 Ne7 5. Be2 d5 6. cxd5 exd5 7.
e5 O-O 8. Nc3 c5 9. Be3 cxd4 10.
Bxd4 Nbc6 11. O-O Be6 12. Re1 a6 13. a4 Nxd4 14. Qxd4 Nc6 15. Qf4 Qb6 16. Rab1 Rac8 17. Bf1 Rfd8 18. h3 h6 19. Ne2 Bf5 20. Rbc1 Be4 21. Ned4 Nxd4 22. Nxd4 Qxd4 23. Rxc8 Rxc8 24. e6 fxe6 25. Rc1 Rf8 26. Qc7 Qxf2+ 27. Kh2 Qf4+ 28.
Qxf4 Rxf4 29. Rc8+ Kh7 30. Be2 Rf2 31. Bd1 Rxg2+ 0-1

[Event "*** Titled Tuesday Blitz"]
[Site "Chess.com"]
[Date "2020.12.01"]
[Round "1"]
[White "arminmusovic"]
[Black "coco_crc"]
[Result "1-0"]
[WhiteElo "2533"]
[BlackElo "2190"]
[TimeControl "180+1"]
[EndTime "10:04:53 PST"]
[Termination "arminmusovic won by checkmate"]

1. a3 e6 2. Nc3 Nf6 3. e4 d5 4. e5 Nfd7 5. f4 c5 6. Nf3 Nc6 7. g3 b6 8. Bh3 Bb7 9. O-O h5 10. d3 g6 11. Bd2 Be7 12. Qe2 a6 13.
Rae1 b5 14. Qd1 Qb6 15. Rf2 a5 16. a4 b4 17. Nb5 Na7 18. Nd6+ Bxd6 19. exd6 Qxd6 20.
Ng5 O-O 21. Nxf7 Rxf7 22. Rxe6 Qf8 23. Rxg6+ Rg7 24. Qxh5 Rxg6 25. Qxg6+ Qg7 26. Qxg7+ Kxg7 27. Bxd7 Bc6 28. Be6 Re8 29. f5 Bxa4 30. Bxd5 Bc6 31. f6+ Kf8 32. Bh6# 1-0

[Event "*** Titled Tuesday Blitz"]
[Site "Chess.com"]
[Date "2020.12.01"]
[Round "1"]
[White "MFBerna"]
[Black "Alexsur1981"]
[Result "0-1"]
[WhiteElo "2409"]
[BlackElo "2830"]
[TimeControl "180+1"]
[EndTime "10:04:58 PST"]
[Termination "Alexsur1981 won by resignation"]

1. d4 g6 2. e4 Bg7 3. Nf3 d6 4. c4 e5 5. dxe5 dxe5 6. Qxd8+ Kxd8 7. Nc3 c6 8. Be3 f6 9. O-O-O+ Kc7 10. Be2 Be6 11.
Na4 Nd7 12. Rd2 Bh6 13. Bxh6 Nxh6 14. h3 Rhd8 15. Rhd1 Nf7 16. Kc2 b6 17. Ne1 Nf8 18. Rxd8 Nxd8 19. b3 Bf7 20. Nd3 Nde6 21. Kc3 Nd7 22.
Bg4 h5 23. Bxe6 Bxe6 24. h4 Rg8 25. g3 Bg4 26. Rd2 Bf3 27. Ne1 Bxe4 28. Nb2 Bf5 29.
Ng2 Nc5 30. f3 g5 31. Ne3 Be6 32. hxg5 fxg5 33. b4 Nd7 34. Rh2 Nf6 35. Nd3 e4 36.
fxe4 Nxe4+ 37. Kd4 Nxg3 38. Ke5 Bc8 39. b5 Re8+ 40. Kd4 Rxe3 41. Kxe3 Nf1+ 42. Kf2 Nxh2 0-1

[Event "*** Titled Tuesday Blitz"]
[Site "Chess.com"]
[Date "2020.12.01"]
[Round "1"]
[White "CakeinSpace2002"]
[Black "Lukianoo"]
[Result "0-1"]
[WhiteElo "2385"]
[BlackElo "2765"]
[TimeControl "180+1"]
[EndTime "10:05:03 PST"]
[Termination "Lukianoo won by resignation"]

1. Nf3 Nf6 2. b3 e6 3. Bb2 a5 4. e3 a4 5. bxa4 Rxa4 6. c4 Ra8 7.
a3 Be7 8. g4 O-O 9. g5 Ne4 10.
h4 d5 11. Bd3 c5 12. Qc2 f5 13. gxf6 Bxf6 14. cxd5 Bxb2 15. Qxb2 exd5 16. Ng5 Bf5 17. Bxe4 Bxe4 18. Rg1 Qe7 19. Nxe4 dxe4 20. Nc3 Nc6 21. Nxe4 Ne5 22. Ke2 Rae8 23. Rg2 Qf7 24. Ng5 Qc4+ 25. Kd1 Qf1+ 26. Kc2 Qxg2 27. f4 Nc4 28. Qc3 Nxe3+ 0-1

[Event "*** Titled Tuesday Blitz"]
[Site "Chess.com"]
[Date "2020.12.01"]
[Round "1"]
[White "Chuchofrio1"]
[Black "ferdipy"]
[Result "1-0"]
[WhiteElo "2495"]
[BlackElo "2129"]
[TimeControl "180+1"]
[EndTime "10:05:04 PST"]
[Termination "Chuchofrio1 won by resignation"]

1. e4 e6 2. d4 d5 3. Nc3 Bb4 4. a3 Bxc3+ 5. bxc3 dxe4 6. Qg4 Nf6 7. Qxg7 Rg8 8. Qh6 Rg6 9. Qh4 c6 10. Bg5 Nbd7 11. Ne2 Qa5 12. Bd2 c5 13. dxc5 Nxc5 14. Nf4 e3 15. fxe3 Nce4 16. Nxg6 hxg6 17. Bd3 Bd7 18. Bxe4 Nxe4 19. Qxe4 Bc6 20. Qd4 Rd8 21.
Qh8+ Kd7 22. Qf6 Kc8 23. Rd1 Bxg2 24. Rg1 Be4 25. Qg5 Qxa3 26. Qxd8+ 1-0

[Event "*** Titled Tuesday Blitz"]
[Site "Chess.com"]
[Date "2020.12.01"]
[Round "1"]
[White "PavelShkapenko"]
[Black "Manukyan_Artak"]
[Result "1-0"]
[WhiteElo "2707"]
[BlackElo "2358"]
[TimeControl "180+1"]
[EndTime "10:05:05 PST"]
[Termination "PavelShkapenko won by resignation"]

1. e4 c6 2. d4 d5 3. e5 Bf5 4. h4 h5 5. Bd3 Bxd3 6. Qxd3 e6 7. Bg5 Qb6 8. Nd2 c5 9. c4 Ne7 10. Ngf3 Nbc6 11. O-O cxd4 12. Bxe7 Bxe7 13. cxd5 exd5 14. Nb3 O-O 15. Nbxd4 Nxd4 16. Nxd4 Bxh4 17. Nf5 Bg5 18. Qxd5 Rad8 19. Nd6 Be7 20. Rad1 Bxd6 21. exd6 Rd7 22. Rfe1 Rfd8 23. Re7 Rxe7 24. dxe7 Re8 25. Qd8 1-0

[Event "*** Titled Tuesday Blitz"]
[Site "Chess.com"]
[Date "2020.12.01"]
[Round "1"]
[White "Supernotar"]
[Black "ikhasu"]
[Result "1/2-1/2"]
[WhiteElo "2800"]
[BlackElo "2413"]
[TimeControl "180+1"]
[EndTime "10:05:07 PST"]
[Termination "Game drawn by agreement"]

1. d4 Nf6 2. c4 e6 3. Nf3 b6 4. g3 Bb4+ 5. Nbd2 Ba6 6. Qc2 O-O 7. Bg2 d5 8. O-O Nbd7 9. e4 dxe4 10. Ng5 c5 11. dxc5 Bxd2 12. Bxd2 Nxc5 13. Bb4 Rc8 14.
b3 Qd3 15. Rac1 Rfd8 16. Bxc5 bxc5 17. Nxe4 Nxe4 18. Bxe4 Qxc2 19. Bxc2 Rd4 20. Rcd1 Rcd8 21. Rxd4 Rxd4 22. Rd1 e5 23. f3 g6 24. Kf2 f5 25.
Ke2 Kf7 26. a3 Ke6 27. h4 1/2-1/2

[Event "*** Titled Tuesday Blitz"]
[Site "Chess.com"]
[Date "2020.12.01"]
[Round "1"]
[White "AsselLesbekova"]
[Black "Pelopidass"]
[Result "1-0"]
[WhiteElo "2289"]
[BlackElo "2552"]
[TimeControl "180+1"]
[EndTime "10:05:08 PST"]
[Termination "AsselLesbekova won by resignation"]

1. e4 c5 2. Nf3 d6 3. Bb5+ Bd7 4.
Bxd7+ Qxd7 5. O-O Nc6 6. Re1 Nf6 7. c3 e6 8. d4 cxd4 9. cxd4 d5 10. e5 Ne4 11. Nbd2 Nxd2 12. Bxd2 Be7 13. Rc1 Rc8 14.
a3 Bd8 15. b4 Bb6 16. Be3 Ne7 17. Rxc8+ Qxc8 18. Qa4+ Qd7 19. Qxd7+ Kxd7 20. Rc1 h6 21. Kf1 Rc8 22. Rxc8 Nxc8 23. Nd2 Bd8 24. Nb3 Nb6 25. Nd2 Kc6 26. Nb3 Be7 27. Na5+ Kc7 28. Ke2 Nc4 29. Nxc4 dxc4 30. Kd2 Kc6 31. Kc3 b5 32. Kd2 a5 33.
Kc3 axb4+ 34. axb4 Kd5 35. f3 Bf6 36. exf6 g5 37.
h4 gxh4 38. Bxh6 e5 39. dxe5 Kxe5 40. Bg5 Kf5 41. Bxh4 Kf4 42. g4 Ke5 43. Bg3+ Kxf6 44. f4 Ke6 45. Kd4 1-0

[Event "*** Titled Tuesday Blitz"]
[Site "Chess.com"]
[Date "2020.12.01"]
[Round "1"]
[White "Abdimalik_Abdisalimov"]
[Black "PelinGorki"]
[Result "0-1"]
[WhiteElo "2731"]
[BlackElo "2397"]
[TimeControl "180+1"]
[EndTime "10:05:09 PST"]
[Termination "PelinGorki won by checkmate"]

1. d4 Nf6 2. c4 e5 3. dxe5 Ng4 4. Nf3 Bc5 5. e3 Nc6 6. Be2 O-O 7. O-O Re8 8. Nc3 Ncxe5 9. a3 a5 10. b3 Ra6 11.
Bb2 Rh6 12. h3 Nxf3+ 13. Bxf3 Ne5 14. Ne4 Bf8 15. Be2 d6 16. Re1 Qh4 17. f4 Bxh3 18.
gxh3 Qxh3 19. Bf1 Qh2# 0-1

[Event "*** Titled Tuesday Blitz"]
[Site "Chess.com"]
[Date "2020.12.01"]
[Round "1"]
[White "Onischuk_V"]
[Black "guillembaches"]
[Result "1-0"]
[WhiteElo "2847"]
[BlackElo "2418"]
[TimeControl "180+1"]
[EndTime "10:05:12 PST"]
[Termination "Onischuk_V won by resignation"]

1. e4 c5 2. Nc3 a6 3. Nge2 d6 4. g3 Nc6 5. Bg2 g6 6. d4 cxd4 7. Nxd4 Bd7 8. O-O Bg7 9. Nb3 Nf6 10. h3 O-O 11. Re1 b5 12. a4 Rb8 13. axb5 axb5 14. Nd5 Ne8 15. c3 Ne5 16. Bg5 f6 17. Bc1 e6 18.
Nb4 Rc8 19. Nd4 Nc4 20. b3 Ne5 21. f4 Nc6 22. Nbxc6 Bxc6 23. Nxe6 Qe7 24. Nxf8 Bxf8 25. Be3 Bxe4 26. Bf2 f5 27. Bxe4 fxe4 28. Qd5+ Kg7 29.
Rxe4 Qc7 30. Ra7 1-0

[Event "*** Titled Tuesday Blitz"]
[Site "Chess.com"]
[Date "2020.12.01"]
[Round "1"]
[White "FrostNova"]
[Black "mc4chess"]
[Result "1-0"]
[WhiteElo "3003"]
[BlackElo "2455"]
[TimeControl "180+1"]
[EndTime "10:05:13 PST"]
[Termination "FrostNova won by resignation"]

1. e4 c5 2. Nf3 e6 3. d4 cxd4 4.
Nxd4 a6 5. c4 Nf6 6. Nc3 Qc7 7.
Be2 Nc6 8. O-O h5 9. h3 b6 10. Be3 Bb7 11. Rc1 Nxd4 12. Qxd4 Bc5 13. Qd3 Bxe3 14. Qxe3 Qc5 15. e5 Qxe3 16. fxe3 Ne4 17. Nxe4 Bxe4 18. Rf4 Bc6 19. Rcf1 g5 20. Rxf7 O-O-O 21. Rg7 g4 22. hxg4 hxg4 23. Bxg4 Rh4 24. Rf4 Rdh8 25.
Bh3 R4h5 26. Kf2 Rxe5 27. b4 Rhh5 28. Rd4 Kc7 29. Bg4 Rh6 30. Bf3 Rf6 31. Ke2 Rff5 32. Bxc6 Kxc6 33. Rgxd7 1-0

[Event "*** Titled Tuesday Blitz"]
[Site "Chess.com"]
[Date "2020.12.01"]
[Round "1"]
[White "zverr1"]
[Black "Synctel"]
[Result "1-0"]
[WhiteElo "2472"]
[BlackElo "2004"]
[TimeControl "180+1"]
[EndTime "10:05:14 PST"]
[Termination "zverr1 won by resignation"]

1. d4 Nf6 2. c4 e6 3. Nc3 Bb4 4. e3 Bxc3+ 5. bxc3 O-O 6. Bd3 d6 7. f4 e5 8. Qc2 exf4 9. exf4 Re8+ 10. Ne2 Nbd7 11. O-O Nf8 12. f5 d5 13. Bg5 c6 14.
Ng3 Qd6 15. c5 Qd8 16. Rae1 Bd7 17. Nh5 h6 18. Bxf6 gxf6 19. Qd1 1-0

[Event "*** Titled Tuesday Blitz"]
[Site "Chess.com"]
[Date "2020.12.01"]
[Round "1"]
[White "DanilNajdin"]
[Black "anon219"]
[Result "0-1"]
[WhiteElo "2389"]
[BlackElo "2774"]
[TimeControl "180+1"]
[EndTime "10:05:18 PST"]
[Termination "anon219 won by checkmate"]

1. d4 d5 2. Nf3 Nf6 3. e3 c5 4.
Bd3 Nc6 5. b3 cxd4 6. exd4 Bg4 7. Nbd2 Nxd4 8. Bb2 Nxf3+ 9. Nxf3 Qa5+ 10. Kf1 e6 11. h3 Bh5 12. g4 Bg6 13. Bxg6 hxg6 14. Ne5 Bd6 15. Kg2 Qc7 16. Re1 Ne4 17. Nf3 Rxh3 18.
Rxe4 dxe4 19. Kxh3 exf3 20. Qxf3 O-O-O 21. Kg2 Rh8 22.
Bxg7 Rh2+ 23. Kg1 Bc5 24. Rf1 Rh4 25. Bf6 Qh2# 0-1

[Event "*** Titled Tuesday Blitz"]
[Site "Chess.com"]
[Date "2020.12.01"]
[Round "1"]
[White "Twannibal"]
[Black "gochatoria98"]
[Result "1-0"]
[WhiteElo "2473"]
[BlackElo "1962"]
[TimeControl "180+1"]
[EndTime "10:05:18 PST"]
[Termination "Twannibal won on time"]

1. e4 c5 2. Nf3 e6 3. d4 cxd4 4. Nxd4 a6 5. c4 Nf6 6. Nc3 Bb4 7. Qd3 d6 8. Nc2 Bxc3+ 9. Qxc3 Nc6 10. Bd3 e5 11. O-O O-O 12. f4 Ng4 13. h3 Nf6 14. Kh2 h6 15. f5 Bd7 16. Be3 Rc8 17. Qd2 b5 18. cxb5 axb5 19. Rf3 Ne7 20. Bxh6 gxh6 21.
Qxh6 Ng4+ 22. hxg4 1-0

[Event "*** Titled Tuesday Blitz"]
[Site "Chess.com"]
[Date "2020.12.01"]
[Round "1"]
[White "Sergienko_Sergey"]
[Black "Faqade"]
[Result "0-1"]
[WhiteElo "2337"]
[BlackElo "2676"]
[TimeControl "180+1"]
[EndTime "10:05:20 PST"]
[Termination "Faqade won by resignation"]

1. e4 c5 2. Nf3 e6 3. d3 Nc6 4. g3 d5 5. Qe2 Nf6 6. Bg2 Be7 7.
O-O O-O 8. e5 Nd7 9. c4 Nb6 10.
Nc3 Nd4 11. Nxd4 cxd4 12. Nb1 Bd7 13. Nd2 Rc8 14. b3 Bb4 15. Nf3 dxc4 16. bxc4 Bc6 17. Bb2 Na4 18. Rab1 Bc5 19. Qc2 h6 20. Rfe1 Qd7 21.
Nd2 Bxg2 22. Kxg2 Bb4 23. Re2 Bxd2 24. Qxd2 Qc6+ 25. Kg1 Rfd8 26. Qf4 b5 27. cxb5 Qxb5 28. Qd2 Nc3 0-1

[Event "*** Titled Tuesday Blitz"]
[Site "Chess.com"]
[Date "2020.12.01"]
[Round "1"]
[White "igorcadilhac"]
[Black "GAusal"]
[Result "0-1"]
[WhiteElo "2467"]
[BlackElo "2100"]
[TimeControl "180+1"]
[EndTime "10:05:20 PST"]
[Termination "GAusal won by resignation"]

1. e4 e5 2. Nf3 Nc6 3. Nc3 Bc5 4. Bb5 a6 5. Ba4 d6 6. O-O Ne7 7. h3 O-O 8. d3 h6 9. Be3 Nd4 10. Bxd4 Bxd4 11. Nxd4 exd4 12. Ne2 d5 13. Nxd4 b5 14. Bb3 c5 15. Nc6 Nxc6 16. Bxd5 Bb7 17. a4 b4 18. c3 Rb8 19. d4 cxd4 20. cxd4 a5 21. Rc1 Ne7 22. Bxb7 Rxb7 23. d5 Ng6 24.
Rc5 Rc7 25. Rxa5 Qd6 26. Rb5 Nf4 27. Qd4 Ne2+ 0-1

[Event "*** Titled Tuesday Blitz"]
[Site "Chess.com"]
[Date "2020.12.01"]
[Round "1"]
[White "woodhy"]
[Black "Quiet_Desperation"]
[Result "1-0"]
[WhiteElo "2459"]
[BlackElo "1643"]
[TimeControl "180+1"]
[EndTime "10:05:22 PST"]
[Termination "woodhy won by checkmate"]

1. e4 Nc6 2. Nc3 d6 3. Nf3 Nf6 4. d4 d5 5. exd5 Nxd5 6. Bc4 e6 7. O-O Be7 8. Re1 O-O 9. a3 Nxc3 10. bxc3 b6 11.
Bf4 Bb7 12. Bd3 Na5 13. Ne5 g6 14. Qg4 Bf6 15. h4 h5 16. Qh3 Kg7 17. Nxg6 fxg6 18. Qg3 Qe8 19. Rxe6 Qf7 20. Be5 Bxe5 21. Rxg6+ Kh7 22.
Rh6+ Kxh6 23. Qg5# 1-0

[Event "*** Titled Tuesday Blitz"]
[Site "Chess.com"]
[Date "2020.12.01"]
[Round "1"]
[White "Konavets"]
[Black "BigAl"]
[Result "1-0"]
[WhiteElo "3011"]
[BlackElo "2455"]
[TimeControl "180+1"]
[EndTime "10:05:23 PST"]
[Termination "Konavets won by resignation"]

1. d4 Nf6 2. Bg5 Ne4 3. Bh4 d5 4. Nf3 Nd7 5. Nbd2 Nxd2 6. Nxd2 c5 7. e4 dxe4 8. Nxe4 Qa5+ 9. c3 Qb6 10. Bc4 e6 11.
O-O cxd4 12. cxd4 Bd6 13. d5 e5 14. Qb3 Be7 15. Bxe7 Qxb3 16. Bxb3 Kxe7 17. d6+ Ke8 18. Rac1 h6 19. Rfe1 f6 20. Rc7 Kd8 21. Rec1 a5 22.
Be6 Nb6 23. Nc5 Re8 24. Bxc8 1-0

[Event "*** Titled Tuesday Blitz"]
[Site "Chess.com"]
[Date "2020.12.01"]
[Round "1"]
[White "tapu2"]
[Black "ozates"]
[Result "0-1"]
[WhiteElo "2695"]
[BlackElo "2386"]
[TimeControl "180+1"]
[EndTime "10:05:23 PST"]
[Termination "ozates won by resignation"]

1. d4 d5 2. c4 c6 3. Nf3 Nf6 4. Qb3 dxc4 5. Qxc4 Bg4 6. Nbd2 Nbd7 7. g3 e6 8. Bg2 Bd6 9. O-O O-O 10. Qb3 Qb8 11. Nc4 Bc7 12. Re1 Bh5 13. Bd2 a5 14.
a4 Bg6 15. Rac1 h6 16. Red1 b5 17. Nce5 Nxe5 18. dxe5 Bxe5 19. Nxe5 Qxe5 20. Bxc6 bxa4 21. Qxa4 Rad8 22. Bxa5 Rxd1+ 23. Rxd1 Qxb2 24. Qd4 Qxe2 25. Bc3 Rc8 26. Bb7 Rxc3 27. Bg2 Rd3 28. Rxd3 Qxd3 29.
Qa1 Qb1+ 0-1

[Event "*** Titled Tuesday Blitz"]
[Site "Chess.com"]
[Date "2020.12.01"]
[Round "1"]
[White "parintele_chess"]
[Black "2nd_life"]
[Result "0-1"]
[WhiteElo "2179"]
[BlackElo "2527"]
[TimeControl "180+1"]
[EndTime "10:05:24 PST"]
[Termination "2nd_life won by resignation"]

1. c4 e5 2. g3 c6 3. Nf3 e4 4. Nd4 d5 5. d3 exd3 6. cxd5 Qxd5 7. Nf3 dxe2 8. Qxe2+ Be7 9. Nc3 Qh5 10. Bg5 Bg4 11.
Bxe7 Bxf3 12. Ba3+ Bxe2 13. Bxe2 Qh6 14. O-O Nd7 15. Rad1 Ngf6 16. Rfe1 O-O-O 17. Bd6 Nb6 18. Bf3 Rxd6 19. Rxd6 Rd8 20. Red1 Rxd6 21. Rxd6 Qc1+ 22.
Kg2 Qxb2 23. Ne4 Nxe4 24. Bxe4 Qe5 0-1

[Event "*** Titled Tuesday Blitz"]
[Site "Chess.com"]
[Date "2020.12.01"]
[Round "1"]
[White "GMJustin"]
[Black "azikom"]
[Result "0-1"]
[WhiteElo "2300"]
[BlackElo "2623"]
[TimeControl "180+1"]
[EndTime "10:05:26 PST"]
[Termination "azikom won by resignation"]

1. d4 d5 2. c4 e6 3. Nc3 c6 4. e4 Bb4 5. e5 Ne7 6. a3 Bxc3+ 7. bxc3 c5 8. Nf3 b6 9. Bd3 Ba6 10. cxd5 Bxd3 11. Qxd3 Qxd5 12. O-O Nbc6 13. Be3 cxd4 14. cxd4 Nf5 15. Rac1 O-O 16. Ng5 h6 17. Ne4 Nxe5 18. Qb1 Ng4 19. Rc3 Rac8 20. Rfc1 Rxc3 21. Nxc3 Qd6 22. g3 Ngxe3 23. fxe3 Nxe3 24. Qe4 Nf5 25. Nb5 Qd7 26. a4 a6 0-1

[Event "*** Titled Tuesday Blitz"]
[Site "Chess.com"]
[Date "2020.12.01"]
[Round "1"]
[White "nocnypako"]
[Black "Morshynska"]
[Result "1-0"]
[WhiteElo "2562"]
[BlackElo "2244"]
[TimeControl "180+1"]
[EndTime "10:05:26 PST"]
[Termination "nocnypako won by resignation"]

1. d4 d5 2. c4 c6 3. Nf3 Nf6 4. Nc3 e6 5. Bg5 h6 6. Bh4 dxc4 7.
e4 g5 8. Bg3 Bg7 9. Bxc4 O-O 10. h4 g4 11. Ne5 h5 12. Bb3 Qa5 13. Qe2 b6 14. O-O Ba6 15. Bc4 Bxc4 16. Qxc4 Rc8 17. b4 Qa6 18. Qxa6 Nxa6 19. a3 Ne8 20. Rac1 Nd6 21.
Rfd1 Nb5 22. Nxc6 Rxc6 23. Nxb5 Rac8 24. Rxc6 Rxc6 25. d5 exd5 26. exd5 Rc8 27. Nxa7 Rd8 28. d6 Nb8 29. b5 Bf8 30. Nc6 Re8 31. Nxb8 Rxb8 32.
d7 Rd8 33. Bc7 1-0

[Event "*** Titled Tuesday Blitz"]
[Site "Chess.com"]
[Date "2020.12.01"]
[Round "1"]
[White "chessdjw"]
[Black "Smile2005"]
[Result "1-0"]
[WhiteElo "2645"]
[BlackElo "2319"]
[TimeControl "180+1"]
[EndTime "10:05:27 PST"]
[Termination "chessdjw won by resignation"]

1. d4 Nf6 2. c4 g6 3. Nc3 Bg7 4. e4 O-O 5. Nf3 d6 6. Be2 e5 7. O-O exd4 8. Nxd4 Re8 9. f3 Nc6 10. Be3 Nh5 11. Nc2 f5 12. Qd2 Nf6 13. exf5 Bxf5 14. Bg5 Qd7 15. Bd3 Bxd3 16. Qxd3 Ne5 17. Qd4 c5 18.
Qh4 Qf5 19. Ne3 Qe6 20. Ned5 Nxd5 21. Nxd5 Qf7 22. Bf6 Nxc4 23. Qxc4 b5 24. Qb3 c4 25.
Qxb5 Bxf6 26. Nxf6+ Qxf6 27. Qxc4+ Kg7 28. Rf2 Rac8 29.
Qa4 Rc7 30. Qxe8 Qd4 31. Re1 Rc2 32. Qe7+ Kh6 33. Qe3+ Qxe3 34. Rxe3 Rc1+ 35. Rf1 1-0

[Event "*** Titled Tuesday Blitz"]
[Site "Chess.com"]
[Date "2020.12.01"]
[Round "1"]
[White "ChessWarrior7197"]
[Black "lolo9292"]
[Result "1-0"]
[WhiteElo "2984"]
[BlackElo "2451"]
[TimeControl "180+1"]
[EndTime "10:05:30 PST"]
[Termination "ChessWarrior7197 won by resignation"]

1. c4 g6 2. Nc3 Bg7 3. Nf3 d6 4. d4 Nf6 5. g3 O-O 6. Bg2 Bf5 7. Nh4 Bc8 8. O-O c6 9. Nf3 Bf5 10. Ng5 Qa5 11. e4 Bg4 12. f3 Bc8 13. Nh3 e5 14.
d5 cxd5 15. cxd5 b5 16. Nf2 b4 17. Ne2 Ba6 18. Be3 Nbd7 19. Qd2 Qb5 20. Nc1 Nc5 21. Nb3 Nfd7 22. Rfc1 Rac8 23. Bf1 Qb6 24. Nxc5 dxc5 25. Bxa6 Qxa6 26. b3 f5 27. Rc4 f4 28. Rac1 fxe3 29. Qxe3 Qd6 30. Nd3 Rf7 31. Kg2 Rcf8 32. Rf1 g5 33.
Qxg5 Kh8 34. Qe3 Bh6 35. Qe2 Rg8 36. Kh1 a5 37. Rc2 Rgf8 38. Nb2 Qg6 39. Nc4 Qh5 40.
Kg2 Nf6 41. Nd6 Rg7 42. Nf5 Nxd5 43. Nxg7 Nf4+ 44. gxf4 Bxg7 45. f5 Bh6 46. Kh1 Bf4 47.
Rg1 Rd8 48. Qg2 Qh6 49. Rxc5 Qf6 50. Rc6 Qf8 51. f6 Rd2 52. Qg7+ Qxg7 53. Rc8+ Qf8 1-0

[Event "*** Titled Tuesday Blitz"]
[Site "Chess.com"]
[Date "2020.12.01"]
[Round "1"]
[White "Vanina1989"]
[Black "A-S-00"]
[Result "1-0"]
[WhiteElo "2634"]
[BlackElo "2310"]
[TimeControl "180+1"]
[EndTime "10:05:30 PST"]
[Termination "Vanina1989 won by resignation"]

1. d4 d5 2. c4 c6 3. Nf3 Nf6 4. Nc3 dxc4 5. e3 Bf5 6. Bxc4 e6 7. O-O Bb4 8. Qe2 O-O 9. h3 Bg6 10. Rd1 Nbd7 11. Ne5 Nb6 12. Nxg6 hxg6 13. Bb3 Qe7 14. e4 e5 15. dxe5 Qxe5 16. f4 Qe7 17. e5 Nfd5 18. Ne4 Qc7 19. a3 Be7 20. Bd2 a5 21. Rac1 a4 22.
Ba2 Rad8 23. Qf3 Qb8 24. Kh1 Nc7 25. Ba5 Qa7 26. Bxb6 Qxb6 27. f5 gxf5 28. Qxf5 Nd5 29. e6 f6 30. Bb1 Qxb2 31. Nd2 1-0

[Event "*** Titled Tuesday Blitz"]
[Site "Chess.com"]
[Date "2020.12.01"]
[Round "1"]
[White "WeAintSurePal"]
[Black "Rodalquilar"]
[Result "0-1"]
[WhiteElo "2349"]
[BlackElo "2683"]
[TimeControl "180+1"]
[EndTime "10:05:31 PST"]
[Termination "Rodalquilar won by resignation"]

1. e4 d5 2. exd5 Qxd5 3. Nc3 Qa5 4. d4 Nf6 5. Nf3 Bf5 6. Bc4 e6 7. O-O Bb4 8. Bd2 Nc6 9. a3 Bxc3 10. Bxc3 Qb6 11. d5 O-O-O 12. dxc6 Rxd1 13. cxb7+ Qxb7 14. Rfxd1 Be4 15. Ne1 Rd8 16. Rxd8+ Kxd8 17. Rd1+ Ke8 18. a4 a6 19. Bd3 Bc6 20. b3 Kf8 21. Bd4 Nd5 22.
Bc5+ Ke8 23. f3 a5 24. Bc4 Nb4 25. Nd3 Nxc2 26. Ne5 Bd5 27. Bxd5 exd5 28. Rd2 Qxb3 29. Re2 Nd4 30. Bxd4 Qd1+ 31. Kf2 Qxd4+ 32. Kf1 Qxa4 33.
Nc6+ Kf8 34. Nb8 g5 35. h4 gxh4 0-1

[Event "*** Titled Tuesday Blitz"]
[Site "Chess.com"]
[Date "2020.12.01"]
[Round "1"]
[White "Matols"]
[Black "Mr_Sinigami"]
[Result "0-1"]
[WhiteElo "2214"]
[BlackElo "2541"]
[TimeControl "180+1"]
[EndTime "10:05:31 PST"]
[Termination "Mr_Sinigami won by resignation"]

1. d4 Nf6 2. c4 g6 3. Nf3 Bg7 4. g3 O-O 5. Bg2 d6 6. O-O Nbd7 7. Nc3 e5 8. e4 exd4 9. Nxd4 Re8 10. h3 c6 11. Re1 a5 12. Qc2 Nc5 13. Be3 Nfd7 14. Rad1 a4 15. b4 axb3 16. axb3 Qb6 17. Rb1 Qb4 18.
Qd2 Ra3 19. Nde2 Nxb3 20. Qc2 Qxc4 21. Bf1 Nbc5 22. Rec1 Qd3 23. Qb2 Rb3 24. Qa2 Rxb1 25. Nxb1 Qxe4 26. Nf4 Ne5 27. Bg2 Qa4 28. Qb2 Nf3+ 0-1

[Event "*** Titled Tuesday Blitz"]
[Site "Chess.com"]
[Date "2020.12.01"]
[Round "1"]
[White "RD4ever"]
[Black "IMVoja"]
[Result "1-0"]
[WhiteElo "2835"]
[BlackElo "2407"]
[TimeControl "180+1"]
[EndTime "10:05:34 PST"]
[Termination "RD4ever won by resignation"]

1. d4 Nf6 2. c4 d6 3. Nc3 Nbd7 4. Nf3 g6 5. e4 e5 6. Be2 Bg7 7. O-O O-O 8. Be3 Ng4 9. Bg5 f6 10. Bc1 Nh6 11. Re1 Nf7 12. Be3 f5 13. dxe5 Nfxe5 14. exf5 Rxf5 15. Nd4 Rf6 16. Nd5 c6 17. Nxf6+ Nxf6 18. h3 Qe7 19. Bf1 Bd7 20. Qb3 Bc8 21. Rad1 Qf7 22.
f4 Ned7 23. Nf3 Ne4 24. Qc2 Ndc5 25. b4 Bf5 26. bxc5 Nxc5 27. Qc1 Ne4 28. Bd4 Bh6 29. Ba1 Re8 30. Qb2 Bg7 31. Qxg7+ Qxg7 32. Bxg7 Kxg7 33. g4 Bc8 34. Ng5 1-0

[Event "*** Titled Tuesday Blitz"]
[Site "Chess.com"]
[Date "2020.12.01"]
[Round "1"]
[White "Shield12"]
[Black "RobPeresian"]
[Result "1-0"]
[WhiteElo "2928"]
[BlackElo "2443"]
[TimeControl "180+1"]
[EndTime "10:05:35 PST"]
[Termination "Shield12 won by resignation"]

1. e4 e5 2. Nf3 Nc6 3. Nc3 Nf6 4.
Be2 Bb4 5. Nd5 Bc5 6. d3 h6 7. c3 d6 8. b4 Bb6 9. a4 a5 10.
Nxb6 cxb6 11. b5 Ne7 12. O-O O-O 13. c4 Nd7 14. Bb2 f5 15. exf5 Nxf5 16. d4 e4 17.
Nd2 e3 18. Ne4 Qe8 19. Bd3 Qg6 20. fxe3 Nh4 21. Nf6+ Rxf6 22. Bxg6 Rxg6 23. g3 Nf6 24.
Rxf6 Rxf6 25. gxh4 Bh3 26. h5 Raf8 27. Qe2 Rf3 28.
Re1 R8f5 29. e4 Rg5+ 30. Kh1 Rb3 31. Bc1 Rg4 32. Rg1 Rh4 33. Bxh6 Kh7 34. Bg5 1-0

[Event "*** Titled Tuesday Blitz"]
[Site "Chess.com"]
[Date "2020.12.01"]
[Round "1"]
[White "Sam_ChessMood"]
[Black "ExtremeLearner"]
[Result "1-0"]
[WhiteElo "2831"]
[BlackElo "2409"]
[TimeControl "180+1"]
[EndTime "10:05:35 PST"]
[Termination "Sam_ChessMood won by resignation"]

1. d4 d5 2. c4 e6 3. Nc3 Bb4 4.
Nf3 Nf6 5. Bg5 h6 6. Bd2 O-O 7. g4 Bxc3 8. Bxc3 Nxg4 9. Qc2 f5 10. Rg1 c6 11. e3 Qc7 12. O-O-O a5 13. h3 Nf6 14. Ne5 Nbd7 15. Ng6 Re8 16. f3 Nf8 17. Nf4 Kh8 18. Kb1 g5 19. Nd3 Ng6 20. Ne5 Nxe5 21.
dxe5 Nh7 22. h4 Qe7 23. cxd5 cxd5 24. Bd3 Bd7 25. hxg5 Nxg5 26. f4 Ne4 27. Bxe4 dxe4 28. Qh2 Qh7 29. Rxd7 Qxd7 30. Qxh6+ Qh7 31. Qf6+ 1-0